Workbook

Sheet Tipos de Riesgo
A3: TIPOS DE RIESGO
A4: Económicos | B4: Riesgos Económicos: son los derivados del comportamiento del mercado, tales como la fluctuación de los precios de los insumos, desabastecimiento y especulación de los mismos, entre otros.
A5: Sociales | B5: Riesgos Sociales o Políticos: son los derivados de los cambios de las políticas gubernamentales y decambios en las condiciones sociales que tengan impacto en la ejecución del contrato.
A6: Operacionales | B6: Riesgos Operacionales: son los asociados a la operatividad del contrato, tales como la suficiencia del presupuesto oficial, del plazo o los derivados de procesos, procedimientos, parámetros, sistemas de información y tecnológicos, equipos humanos o técnicos inadecuados o insuficientes.
A7: Financieros | B7: Riesgos Financieros: son (i) el riesgo de consecución de financiación o riesgo de liquidez para obtener recursos para cumplir con el objeto del contrato, y (ii) el riesgo de las condiciones financieras establecidas para la obtención de los recursos, tales como plazos, tasas, garantías, contragarantías, y refinanciaciones, entre otros.
A8: Regulatorio | B8: Riesgos Regulatorios: derivados de cambios regulatorios o reglamentarios que afecten la ecuación económica del contrato.
A9: De la Naturaleza | B9: Riesgos de la Naturaleza: son los eventos naturales previsibles en los cuales no hay intervención humana que puedan tener impacto en la ejecución del contrato, por ejemplo los temblores, inundaciones, lluvias, sequías, entre otros.
A10: Ambientales | B10: Riesgos Ambientales: son los derivados de las obligaciones legales o reglamentarias de carácter ambiental, así como de la control, entre otras.s licencias, planes de manejo o de permisos y autorizaciones ambientales, incluyendo tasas retributivas y compensatorias, obligaciones de mitigación, tareas de monitoreo y
A11: Tecnológicos | B11: Riesgos Tecnológicos: son los derivados de fallas en los sistemas de comunicación de voz y de datos, suspensión de servicios públicos, nuevos desarrollos tecnológicos o estándares que deben ser tenidos en cuenta para la ejecución del contrato, obsolescencia tecnológica.
A16: PROBABILIDAD DEL RIESGO | B16: VALORACIÓN
A17: 1 | B17: Raro
A18: 2 | B18: Improbable
A19: 3 | B19: Posible
A20: 4 | B20: Probable
A21: 5 | B21: Casi cierto
A25: IMPACTO DEL RIESGO | B25: VALORACIÓN
A26: 1 | B26: Insignificante
A27: 2 | B27: Menor
A28: 3 | B28: Moderado
A29: 4 | B29: Mayor
A30: 5 | B30: Catastrófico
A33: CATEGORÍA DEL RIESGO | B33: VALORACIÓN
A34: 2 | B34: Riesgo Bajo
A35: 3 | B35: Riesgo Bajo
A36: 4 | B36: Riesgo Bajo
A37: 5 | B37: Riesgo Medio
A38: 6 | B38: Riesgo Alto
A39: 7 | B39: Riesgo Alto
A40: 8 | B40: Riesgo Extremo
A41: 9 | B41: Riesgo Extremo
A42: 10 | B42: Riesgo Extremo
A46: ETAPAS
A47: Planeación
A48: Selección
A49: Contratación
A50: Ejecución

Sheet Matriz de Riesgos 2018
B1: MATRIZ DE IDENTIFICACION Y DISTRIBUCION DE RIESGOS
B2: SELECCIÓN ABREVIADA MENOR CUANTÍA
B3: OBJETO: | G3: CONTRATAR LOS SERVICIOS DE TRANSPORTE, ALMACENAMIENTO, CUSTODIA, ATENCIÓN DE PRÉSTAMOS DOCUMENTALES, DIGITALIZACIÓN Y ORGANIZACIÓN DE DOCUMENTOS DE ARCHIVO QUE CONFORMAN EL FONDO DOCUMENTAL DEL IDIGER DE ACUERDO A LAS NECESIDADES, INSTRUMENTOS Y LINEAMIENTOS ARCHIVÍSTICOS VIGENTES EN LA ENTIDAD”.
I6: Probabilidad | K6: Impacto | Q6: Impacto después de tratamiento | U6: ¿Afecta la ejecución del Contrato? | V6: Persona responsable por implementar el tratamiento | W6: Fecha estimada inicio tratamiento | X6: Fecha estimada completa tratamiento | Y6: Monitoreo y Revisión
B7: No. | C7: Clase | D7: Fuente | E7: Etapa | F7: Tipo | G7: Descripción | H7: Consecuencia de la ocurrencia | I7: Categoría | J7: Valoración | K7: Categoría | L7: Valoración | M7: Valoración del Riesgo | N7: Categoría del Riesgo | O7: ¿A quién se asigna? | P7: Tratamiento/Controles | Q7: Probabilidad | R7: Impacto | S7: Valoración del Riesgo | T7: Categoría | Y7: Como se realiza el monitoreo? | Z7: Periodicidad ¿Cuando?
B8: 1 | C8: General | D8: Interno | E8: Planeación | F8: Operacional | G8: Se presenta cuando la definición de la necesidad y el objeto establecido en el estudio previo, no se ajusta a la modalidad de selección aplicable. | H8: Retrasos en la revisión y ajuste del estudio previo y aprobación del mismo por parte de la oficina que genera la necesidad | I8: =VLOOKUP(J8,'Tipos de Riesgo'!$A$17:$B$21,2,FALSE) -> Improbable | J8: 2 | K8: =VLOOKUP(L8,'Tipos de Riesgo'!$A$26:$B$30,2,FALSE) -> Menor | L8: 2 | M8: =+J8+L8 -> 4 | N8: =VLOOKUP('Matriz de Riesgos 2018'!M8,'Tipos de Riesgo'!$A$34:$B$42,2,FALSE) -> Riesgo Bajo | O8: Entidad | P8: ETAPA PLANEACION: Revisión y apoyo jurídico a las dependencias que solicitan la contratación, aclarando los requisitos y la aplicabilidad de cada una de las modalidades de selección. | Q8: 1 | R8: 1 | S8: =+Q8+R8 -> 2 | T8: =VLOOKUP('Matriz de Riesgos 2018'!S8,'Tipos de Riesgo'!$A$34:$B$42,2,FALSE) -> Riesgo Bajo | U8: Eventualmente | V8: Grupo de Contratos | W8: Inicio etapa precontractual | X8: Finalización etapa precontractual | Y8: Registro en la lista de verificación | Z8: Finalizada la etapa de planeación
B9: 2 | C9: General | D9: Interno | E9: Planeación | F9: Operacional | G9: Se presenta cuando el presupuesto planificado no corresponde al valor real de la prestación a realizar | H9: Imposibilidad para que se presenten oferentes y puede generar la declaratoria de desierta del proceso. | I9: =VLOOKUP(J9,'Tipos de Riesgo'!$A$17:$B$21,2,FALSE) -> Improbable | J9: 2 | K9: =VLOOKUP(L9,'Tipos de Riesgo'!$A$26:$B$30,2,FALSE) -> Mayor | L9: 4 | M9: =+J9+L9 -> 6 | N9: =VLOOKUP('Matriz de Riesgos 2018'!M9,'Tipos de Riesgo'!$A$34:$B$42,2,FALSE) -> Riesgo Alto | O9: Entidad | P9: ETAPA PLANEACION: Se debe efectuar un estudio de mercado, conforme al objeto a contratar, aplicando las variables que correspondan, que permita establecer de manera real el valor del suministro del producto a entregar. | Q9: 1 | R9: 1 | S9: =+Q9+R9 -> 2 | T9: =VLOOKUP('Matriz de Riesgos 2018'!S9,'Tipos de Riesgo'!$A$34:$B$42,2,FALSE) -> Riesgo Bajo | U9: Eventualmente | V9: Área Técnica que genera la necesidad | W9: Inicio etapa precontractual | X9: Hasta la ejecución | Y9: Registro en la lista de verificación | Z9: Finalizada la etapa de planeación
B10: 3 | C10: General | D10: Externo | E10: Selección | F10: Tecnológicos | G10: Ocurre cuando se presentan fallas en la disponibilidad del Sistema de Contratación Pública – SECOP (www.colombiacompra.gov.co) | H10: Retraso o incumplimiento de los plazos legales para la publicación de los actos y/o documentos derivados de los procesos contractuales | I10: =VLOOKUP(J10,'Tipos de Riesgo'!$A$17:$B$21,2,FALSE) -> Posible | J10: 3 | K10: =VLOOKUP(L10,'Tipos de Riesgo'!$A$26:$B$30,2,FALSE) -> Menor | L10: 2 | M10: =+J10+L10 -> 5 | N10: =VLOOKUP('Matriz de Riesgos 2018'!M10,'Tipos de Riesgo'!$A$34:$B$42,2,FALSE) -> Riesgo Medio | O10: Entidad | P10: ETAPA SELECCIÓN: Elaboración de un cronograma con plazos que permitan tener movilidad en caso de fallas del SECOP. | Q10: 3 | R10: 1 | S10: =+Q10+R10 -> 4 | T10: =VLOOKUP('Matriz de Riesgos 2018'!S10,'Tipos de Riesgo'!$A$34:$B$42,2,FALSE) -> Riesgo Bajo | U10: No | V10: Grupo Contratos | W10: Inicio etapa precontractual | X10: Finalización etapa precontractual | Y10: Registro en la lista de verificación | Z10: Finalizada la etapa de selección
B11: 4 | C11: General | D11: Externo | E11: Contratación | F11: Operacional | G11: Se presenta cuando el contratista seleccionado no firma el contrato en el plazo establecido y/o se retrasa en la constitución y presentación de las garantías que amparan el cumplimiento del contrato. | H11: Retraso en el inicio de la ejecución del contrato y afectación en el logro de los objetivos y satisfacción de la necesidad propuesta. | I11: posible | J11: 2 | K11: =VLOOKUP(L11,'Tipos de Riesgo'!$A$26:$B$30,2,FALSE) -> Moderado | L11: 3 | M11: =+J11+L11 -> 5 | N11: =VLOOKUP('Matriz de Riesgos 2018'!M11,'Tipos de Riesgo'!$A$34:$B$42,2,FALSE) -> Riesgo Medio | O11: Contratista | P11: ETAPA CONTRATACIÓN: Se establecen plazos perentorios para el perfeccionamiento y ejecución del contrato. | Q11: 1 | R11: 2 | S11: 3 | T11: Riesgo Bajo | U11: No, genera retrasos | V11: Grupo de Contratos | W11: Inicio etapa precontractual | X11: Finalización etapa precontractual | Y11: Registro en la lista de verificación | Z11: Finalizada la etapa de contratación
B12: 5 | C12: General | D12: Externa | E12: Ejecución | F12: Financieros | G12: Variaciones de los componentes económicos necesarios para la ejecución del contrato, tales como la financiación, la contratación de personal, labores administrativas, los procedimientos utilizados, equipos y materiales requeridos. | H12: Afecta equilibrio contractual, puede generar adiciones | I12: =VLOOKUP(J12,'Tipos de Riesgo'!$A$17:$B$21,2,FALSE) -> Posible | J12: 3 | K12: =VLOOKUP(L12,'Tipos de Riesgo'!$A$26:$B$30,2,FALSE) -> Moderado | L12: 3 | M12: =+J12+L12 -> 6 | N12: =VLOOKUP('Matriz de Riesgos 2018'!M12,'Tipos de Riesgo'!$A$34:$B$42,2,FALSE) -> Riesgo Alto | O12: Entidad | P12: ETAPA EJECUCIÓN: Para establecer el presupuesto del contrato se tuvo en cuenta cantidades estimadas las cuales se advierte pueden tener variaciones por ser estimadas. | Q12: 1 | R12: 2 | S12: =+Q12+R12 -> 3 | T12: =VLOOKUP('Matriz de Riesgos 2018'!S12,'Tipos de Riesgo'!$A$34:$B$42,2,FALSE) -> Riesgo Bajo | U12: Eventualmente | V12: Supervisor del contrato | W12: Ejecución contractual | X12: Finalización etapa precontractual | Y12: Registro en la lista de verificación | Z12: Finalizada la etapa de ejecución
B13: 6 | C13: General | D13: Interno | E13: Ejecución | F13: Operacional | G13: Ocurre cuando se presentan demoras por parte de la Entidad en las aprobaciones previas de los productos y/o servicios desarrollados por el contratista. | H13: Afecta el cumplimiento de las obligaciones del contratante a cargo del Supervisor del contrato, relacionadas con la aprobación de productos y/o informes. Puede generar prórrogas | I13: =VLOOKUP(J13,'Tipos de Riesgo'!$A$17:$B$21,2,FALSE) -> Posible | J13: 3 | K13: =VLOOKUP(L13,'Tipos de Riesgo'!$A$26:$B$30,2,FALSE) -> Moderado | L13: 3 | M13: =+J13+L13 -> 6 | N13: =VLOOKUP('Matriz de Riesgos 2018'!M13,'Tipos de Riesgo'!$A$34:$B$42,2,FALSE) -> Riesgo Alto | O13: Entidad | P13: ETAPA EJECUCIÓN: Revisión y aprobación oportuna de la documentación inherente a los productos e informes del contrato. | Q13: 2 | R13: 2 | S13: =+Q13+R13 -> 4 | T13: =VLOOKUP('Matriz de Riesgos 2018'!S13,'Tipos de Riesgo'!$A$34:$B$42,2,FALSE) -> Riesgo Bajo | U13: Eventualmente | V13: Supervisor del contrato | W13: Ejecución contractual | X13: Finalización etapa ejecución | Y13: Registro en la lista de verificación | Z13: Finalizada la etapa de ejecución
B14: 7 | C14: General | D14: Externo | E14: Ejecución | F14: Operacional | G14: Ocurre cuando el contratista cumple tardiamente o no cumple con una o algunas de las obligaciones del contrato | H14: Afecta el cumplimiento del objeto del contrato, puede generar prórrogas | I14: Posible | J14: 4 | K14: Moderado | L14: 3 | M14: =+J14+L14 -> 7 | N14: Riesgo Alto | O14: Contratista | P14: ETAPA EJECUCIÓN: Aplicación inmediata de los procedimientos para evitar la paralización del contrato y en caso de ser procedente la aplicación de las sanciones correspondientes | Q14: 2 | R14: 2 | S14: =+Q14+R14 -> 4 | T14: Riesgo Bajo | U14: Eventualmente | V14: Supervisor del contrato | W14: Ejecución contractual | X14: Finalización etapa ejecución | Y14: Registro en la lista de verificación | Z14: Finalizada la etapa de ejecución
B15: 8 | C15: General | D15: Externo | E15: Ejecución | F15: Operacional | G15: Ocurre cuando se presentan demoras por parte del contratista en las entregas de productos | H15: Afecta el cumplimiento de las obligaciones del contratista. Puede generar sanciones y prórrogas | I15: =VLOOKUP(J15,'Tipos de Riesgo'!$A$17:$B$21,2,FALSE) -> Posible | J15: 3 | K15: =VLOOKUP(L15,'Tipos de Riesgo'!$A$26:$B$30,2,FALSE) -> Moderado | L15: 3 | M15: =+J15+L15 -> 6 | N15: =VLOOKUP('Matriz de Riesgos 2018'!M15,'Tipos de Riesgo'!$A$34:$B$42,2,FALSE) -> Riesgo Alto | O15: Entidad y contratista | P15: ETAPA EJECUCIÓN: Aplicación inmediata de los procedimientos para evitar la paralización del contrato y en caso de ser procedente la aplicación de las sanciones correspondientes | Q15: 2 | R15: 3 | S15: =+Q15+R15 -> 5 | T15: =VLOOKUP('Matriz de Riesgos 2018'!S15,'Tipos de Riesgo'!$A$34:$B$42,2,FALSE) -> Riesgo Medio | U15: Eventualmente | V15: Contratista | W15: Ejecución contractual | X15: Finalización etapa ejecución | Y15: Registro en la lista de verificación | Z15: Finalizada la etapa de ejecución
B16: 9 | C16: General | D16: Externo | E16: Ejecución | F16: Regulatorio | G16: Se presenta por la expedición de normas que impongan nuevos tributos, impuestos o cargas parafiscales, que pueden afectar el equilibrio económico del contrato. | H16: Genera una carga adicional a las previstas, que puede afectar a cualquiera o a las dos partes del contrato. No obstante es poco probable por la duración y naturaleza del contrato | I16: =VLOOKUP(J16,'Tipos de Riesgo'!$A$17:$B$21,2,FALSE) -> Raro | J16: 1 | K16: =VLOOKUP(L16,'Tipos de Riesgo'!$A$26:$B$30,2,FALSE) -> Moderado | L16: 3 | M16: =+J16+L16 -> 4 | N16: =VLOOKUP('Matriz de Riesgos 2018'!M16,'Tipos de Riesgo'!$A$34:$B$42,2,FALSE) -> Riesgo Bajo | O16: Entidad y contratista | P16: ETAPA EJECUCIÓN Aplicación inmediata de las disposiciones legales y ajuste de los procesos internos de la entidad. | Q16: 2 | R16: 1 | S16: =+Q16+R16 -> 3 | T16: =VLOOKUP('Matriz de Riesgos 2018'!S16,'Tipos de Riesgo'!$A$34:$B$42,2,FALSE) -> Riesgo Bajo | U16: Eventualmente | V16: Contratista y entidad | W16: Ejecución contractual | X16: Finalización etapa ejecución | Y16: Registro en la lista de verificación | Z16: Finalizada la etapa de ejecución
B17: 10 | C17: Especifico | D17: Externo | E17: Ejecución | F17: Operacional | G17: Incumplimiento y retraso por parte del contratista en los entregables establecidos. | H17: Afecta el cumplimiento del objeto contractual, toda vez que genera retrasos en la ejecucion del plan de trabajo presentado por el contratista y aprobado por el supervisor. | I17: Probable | J17: 4 | K17: =VLOOKUP(L17,'Tipos de Riesgo'!$A$26:$B$30,2,FALSE) -> Menor | L17: 2 | M17: =+J17+L17 -> 6 | N17: =VLOOKUP('Matriz de Riesgos 2018'!M17,'Tipos de Riesgo'!$A$34:$B$42,2,FALSE) -> Riesgo Alto | O17: Contratista | P17: ETAPA EJECUCION: Aplicación de controles, el supervisor del contrato realizará reuniones de seguimiento con el contratista para verificar la calidad de los servicios y productos entregados. | Q17: 1 | R17: 3 | S17: =+Q17+R17 -> 4 | T17: =VLOOKUP('Matriz de Riesgos 2018'!S17,'Tipos de Riesgo'!$A$34:$B$42,2,FALSE) -> Riesgo Bajo | U17: Eventualmente | V17: Contratista y Supervisor | W17: Desde la suscripcion del acta de inicio | X17: Hasta la liquidacion del contrato | Y17: Seguimiento del supervisor | Z17: Etapa de ejecución
B18: 11 | C18: Especifico | D18: Externo | E18: Ejecución | F18: Operacional | G18: Hurto o daños presentados durante el transporte de las cajas al sitio de custodia e intervención documental. | H18: Afecta el cumplimiento de las obligaciones del contratista, así como la perdida del patrimonio documental del Distrito. Indemnización al Distrito, posibles sanciones | I18: Probable | J18: 4 | K18: =VLOOKUP(L18,'Tipos de Riesgo'!$A$26:$B$30,2,FALSE) -> Menor | L18: 2 | M18: =+J18+L18 -> 6 | N18: =VLOOKUP('Matriz de Riesgos 2018'!M18,'Tipos de Riesgo'!$A$34:$B$42,2,FALSE) -> Riesgo Alto | O18: Contratista | P18: ETAPA EJECUCION: Aplicación de controles, el supervisor del contrato verificará con el contratista cuente con las normas de seguridad de la información en el transporte de la misma al sitio de custodia. | Q18: 1 | R18: 3 | S18: =+Q18+R18 -> 4 | T18: =VLOOKUP('Matriz de Riesgos 2018'!S18,'Tipos de Riesgo'!$A$34:$B$42,2,FALSE) -> Riesgo Bajo | U18: Eventualmente | V18: Contratista y Supervisor | W18: Antes de iniciar el traslado de la documentación al sitio de intervención | X18: Al finalizar el traslado de la documentaicón al sitio de intervención | Y18: Seguimiento del supervisor | Z18: Etapa de ejecución
B19: 12 | C19: Especifico | D19: Externo | E19: Ejecución | F19: Operacional | G19: Incendio o inundación en las bodegas donde se custodie la información por parte del contratista. | H19: Afecta el cumplimiento de las obligaciones del contratista, así como la perdida del patrimonio documental del Distrito. Indemnización al Distrito, posibles sanciones | I19: Probable | J19: 4 | K19: =VLOOKUP(L19,'Tipos de Riesgo'!$A$26:$B$30,2,FALSE) -> Menor | L19: 2 | M19: =+J19+L19 -> 6 | N19: =VLOOKUP('Matriz de Riesgos 2018'!M19,'Tipos de Riesgo'!$A$34:$B$42,2,FALSE) -> Riesgo Alto | O19: Contratista | P19: ETAPA SELECCIÓN: El supervisor del contrato verificará con el contratista que cumpla con las normas emanadas por el Archivo General de la Nación sobre las condiciones de las edificaciones o locales que custodian archivos. | Q19: 1 | R19: 3 | S19: =+Q19+R19 -> 4 | T19: =VLOOKUP('Matriz de Riesgos 2018'!S19,'Tipos de Riesgo'!$A$34:$B$42,2,FALSE) -> Riesgo Bajo | U19: Eventualmente | V19: Contratista | W19: Ejecucion contractual | X19: Hasta la liquidacion del contrato | Y19: Visita técnica al sitio de custodia y almacenamiento | Z19: Etapa de ejecución
B20: 13 | C20: Especifico | D20: Externo | E20: Ejecución | F20: Operacional | G20: Baja calidad en el proceso de elaboración de organización y digitalización de documentos de los fondos documentales del Idiger. | H20: Afecta el cumplimiento del objeto contractual, toda vez que se puede presentar perdida de informacion vital para la Entidad y sanciones por parte de los entes de control por no cumplir la normatividad vigente en materia archivistica. | I20: Probable | J20: 4 | K20: =VLOOKUP(L20,'Tipos de Riesgo'!$A$26:$B$30,2,FALSE) -> Menor | L20: 2 | M20: =+J20+L20 -> 6 | N20: =VLOOKUP('Matriz de Riesgos 2018'!M20,'Tipos de Riesgo'!$A$34:$B$42,2,FALSE) -> Riesgo Alto | O20: Contratista | P20: ETAPA EJECUCIÓN: Constante verificación de la entrega de productos establecidos de acuerdo con la calidad acordada con el contratista. | Q20: 1 | R20: 3 | S20: =+Q20+R20 -> 4 | T20: =VLOOKUP('Matriz de Riesgos 2018'!S20,'Tipos de Riesgo'!$A$34:$B$42,2,FALSE) -> Riesgo Bajo | U20: Eventualmente | V20: Contratista y Supervisor | W20: Ejecución contractual | X20: Hasta la liquidacion del contrato | Y20: Seguimiento del supervisor mediante informes, reuniones y control de calidad a los productos. | Z20: Etapa de ejecución
B23: Elaborado por: | L23: Validado y aprobado por: | T23: Aprobado y aprobado por :
B25: Firma: | L25: Firma: | T25: Firma:
B26: Nombre: | F26: LUZ ADRIANA PIRAGAUTA | L26: Nombre: | M26: HELIANA SOFIA CLAROS | T26: Nombre: | U26: MONICA RUBIO ARENAS
F27: Profesional Universitario 12 Gestión Documental | M27: Contratista SUCAD | U27: Subdirectora Corporativa y de Asuntos Disciplinarios

Sheet Lista Verificación
A1: LISTA VERIFICACIÓN RIESGOS
A2: ANEXO No.
A3: CONTRATACION DIRECTA
A4: OBJETO: | F4: CONTRATAR LA PRESTACIÓN DEL SERVICIO DE CORREO CERTIFICADO A NIVEL URBANO Y NACIONAL A TRAVÉS DEL CUAL SE ENTREGUE LA CORRESPONDENCIA EXTERNA GENERADA POR EL IDIGER
H6: VERIFICACIÓN
A7: No. | B7: Clase | C7: Fuente | D7: Etapa | E7: Tipo | F7: Descripción | G7: Consecuencia de la ocurrencia | H7: SI | I7: NO
A8: 1 | B8: General | C8: Interno | D8: Planeación | E8: Operacional | F8: Se presenta cuando la definición de la necesidad y el objeto establecido en el estudio previo, no se ajusta a la modalidad de selección aplicable. | G8: Retrasos en la revisión y ajuste del estudio previo y aprobación del mismo por parte de la oficina que genera la necesidad
A9: 2 | B9: General | C9: Interno | D9: Planeación | E9: Operacional | F9: Se presenta cuando el presupuesto planificado no corresponde al valor real de la prestación a realizar | G9: Imposibilidad para que se presenten oferentes y puede generar la declaratoria de desierta del proceso.
A10: 3 | B10: General | C10: Externo | D10: Selección | E10: Tecnológicos | F10: Ocurre cuando se presentan fallas en la disponibilidad del Sistema de Contratación Pública – SECOP (www.colombiacompra.gov.co) | G10: Retraso o incumplimiento de los plazos legales para la publicación de los actos y/o documentos derivados de los procesos contractuales
A11: 4 | B11: General | C11: Externo | D11: Contratación | E11: Operacional | F11: Se presenta cuando el contratista seleccionado no firma el contrato en el plazo establecido y/o se retrasa en la constitución y presentación de las garantías que amparan el cumplimiento del contrato. | G11: Retraso en el inicio de la ejecución del contrato y afectación en el logro de los objetivos y satisfacción de la necesidad propuesta.
A12: 5 | B12: General | C12: Externa | D12: Ejecución | E12: Financieros | F12: Variaciones de los componentes económicos necesarios para la ejecución del contrato, tales como la financiación, la contratación de personal, labores administrativas, los procedimientos utilizados, equipos y materiales requeridos. | G12: Afecta equilibrio contractual, puede generar adiciones
A13: 6 | B13: General | C13: Interno | D13: Ejecución | E13: Operacional | F13: Ocurre cuando se presentan demoras por parte de la Entidad en las aprobaciones previas de los productos y/o servicios desarrollados por el contratista. | G13: Afecta el cumplimiento de las obligaciones del contratante a cargo del Supervisor del contrato, relacionadas con la aprobación de productos y/o informes. Puede generar prórrogas
A14: 7 | B14: General | C14: Externo | D14: Ejecución | E14: Operacional | F14: Ocurre cuando el contratista cumple tardiamente o no cumple con una o algunas de las obligaciones del contrato | G14: Afecta el cumplimiento del objeto del contrato, puede generar prórrogas
A15: 8 | B15: General | C15: Externo | D15: Ejecución | E15: Operacional | F15: Ocurre cuando se presentan demoras por parte del contratista en las entregas de productos | G15: Afecta el cumplimiento de las obligaciones del contratista. Puede generar sanciones y prórrogas
A16: 9 | B16: General | C16: Externo | D16: Ejecución | E16: Regulatorio | F16: Se presenta por la expedición de normas que impongan nuevos tributos, impuestos o cargas parafiscales, que pueden afectar el equilibrio económico del contrato. | G16: Genera una carga adicional a las previstas, que puede afectar a cualquiera o a las dos partes del contrato. No obstante es poco probable por la duración y naturaleza del contrato
A17: 10 | B17: Especifico | C17: Externo | D17: Ejecución | E17: Operacional | F17: Ocurre cuando los vehículos en los que se realizan las entregas de correo certificado presentan accidentes que pueden generar gastos adicionales por reparación de vehículos, atención medica de heridos, indemnizaciones y gastos funerarios. | G17: Genera retrasos en la entrega de las comunicaciones, así como afecta los tiempos de ejecución contractual
A18: 11 | B18: Especifico | C18: Externo | D18: Ejecución | E18: Operacional | F18: Ocurre cuando sucede el hurto del vehiculo de propiedad del Contratista, el cual le sirve como medio de transporte para la entrega de comunicaciones | G18: Afecta el cumplimiento del fin de la contratación, adicional de generar incovenientes y retrasos en las respuestas a la ciudadania.
A19: 12 | B19: Especifico | C19: Externo | D19: Ejecución | E19: Operacional | F19: El riesgo puede ocurrir por perdida o daño de las comunicaciones entregadas al contratista para distribución | G19: Afecta el cumplimiento del fin de la contratación, adicional de generar incovenientes y retrasos en las respuestas a la ciudadania.
... A21: 14 | B21: Especifico | C21: Externo | D21: Ejecución | E21: Operacional | F21: No entregar las comunicaciones al destinatario final por causales como: error al momento de diligenciar la gíua del documento por el contratista, dirección errada, dificil acceso, cerrado. | G21: Afecta el cumplimiento del fin de la contratación, adicional de generar incovenientes y retrasos en las respuestas a la ciudadania.

Sheet Informe de compatibilidad
B1: Informe de compatibilidad para MATRIZ DE RIESGOS SERVICIO MENSAJERIA MAYO 2017.xls
B2: Ejecutar el 15/05/2017 12:00
B4: Las siguientes características de este libro no son compatibles con versiones anteriores de Excel. Estas características podrían perderse o degradarse si abre el libro con una versión anterior de Excel o si guarda el libro con un formato de archivo anterior.
B6: Pérdida significativa de funcionalidad | E6: Nº de apariciones | F6: Versión
B8: Algunas celdas tienen intervalos de formato condicional superpuestos. Las versiones anteriores de Excel no evaluarán todas las reglas de formato condicional en las celdas superpuestas. Las celdas superpuestas mostrarán un formato condicional diferente. | E8: 2
E9: Matriz de Riesgos MENSAJERIA 20'!S19 | F9: Excel 97-2003
E10: Matriz de Riesgos MENSAJERIA 20'!S9:S17
B12: Algunas celdas de este libro contienen un tipo de formato condicional que no se admite en versiones anteriores de Excel, como barras de datos, escalas de color o conjuntos de iconos. | E12: 17
E13: Matriz de Riesgos MENSAJERIA 20'!S9:S23 | F13: Excel 97-2003
E14: Matriz de Riesgos MENSAJERIA 20'!M18:M22
E15: Matriz de Riesgos MENSAJERIA 20'!M9:M17
B18: Pérdida menor de fidelidad
B20: Hay un estilo de tabla aplicado a una tabla de este libro. El formato de estilo de tabla no se puede mostrar en versiones anteriores de Excel. | E20: 4
E21: Tipos de Riesgo'!A16:B21 | F21: Excel 97-2003
E22: Tipos de Riesgo'!A25:B30
E23: Tipos de Riesgo'!A33:B42
E24: Tipos de Riesgo'!A46:A50
